 Dungeon Crawl Stone Soup version 0.19.5 (webtiles) character file.

4302 mike2R the Frost Mage (level 10, -3/50 HPs)
             Began as a Deep Elf Ice Elementalist on Apr 27, 2017.
             Was a Priest of Hepliaklqana.
             Slain by a vampire (9 damage)
             ... on level 8 of the Dungeon.
             The game lasted 01:23:38 (9905 turns).

mike2R the Frost Mage (Deep Elf Ice Elementalist)   Turns: 9905, Time: 01:23:40

Health: -3/50      AC: 10    Str:  5    XL:     10   Next: 11%
Magic:  14/20      EV: 15    Int: 24    God:    Hepliaklqana [***...]
Gold:   377        SH:  0    Dex: 15    Spells: 7 memorised, 3 levels left

rFire  + . .     SeeInvis .     b - +2 spear (pierce)
rCold  . . .     Gourm    .     H - +0 troll leather armour
rNeg   . . .     Faith    .     (no shield)
rPois  .         Spirit   .     d - +0 helmet
rElec  .         Reflect  .     f - +1 cloak
rCorr  .         Harm     .     (no gloves)
MR     +....                    E - +0 pair of boots
Stlth  ++........               K - amulet of rage
                                y - ring of wizardry
                                r - ring of protection from fire

@: no status effects
A: reduced essence, iridescent scales 1
a: Recall Ancestor, Ancestor Identity, Transference, Renounce Religion, Evoke
Berserk Rage


You were on level 8 of the Dungeon.
You worshipped Hepliaklqana.
Hepliaklqana was most pleased with you.
You were hungry.

You visited 2 branches of the dungeon, and saw 10 of its levels.

You collected 377 gold pieces.

Inventory:

Hand Weapons
 a - a +0 whip of venom
 b - a +2 spear of piercing (weapon)
Missiles
 j - 29 bolts
Armour
 d - a +0 helmet (worn)
 f - a +1 cloak (worn)
 E - a +0 pair of boots (worn)
 F - a cursed +0 shield
 H - a +0 troll leather armour (worn)
Jewellery
 r - a ring of protection from fire (left hand)
 y - a ring of wizardry (right hand)
 K - an amulet of rage (around neck)
Wands
 q - a wand of iceblast (8/15)
 x - a wand of polymorph (11/24)
 M - a wand of acid (11/15)
Scrolls
 e - a scroll of enchant weapon {unknown}
 h - 2 scrolls of teleportation
 k - 4 scrolls of remove curse
 o - a scroll of fog
 p - 2 scrolls of magic mapping
 u - a scroll of enchant armour {unknown}
 v - 2 scrolls of blinking
 C - a scroll of fear {unknown}
 G - a scroll of amnesia {unknown}
Potions
 i - 3 potions of resistance
 m - 2 potions of curing
 n - a potion of magic
 t - a potion of brilliance {unknown}
 w - a potion of flight
 z - 2 potions of cancellation
 A - 2 potions of might
 J - a potion of degeneration {unknown}
 L - a potion of agility {unknown}
Books
 l - a book of Frost

   Spells                             Type                      Level
   a - Freeze                         Ice                          1
   b - Throw Frost                    Conjuration/Ice              2
   c - Ozocubu's Armour               Charms/Ice                   3
   d - Throw Icicle                   Conjuration/Ice              4
   e - Summon Ice Beast               Ice/Summoning                4
 I - a book of Cantrips

   Spells                             Type                      Level
   a - Confusing Touch                Hexes                        1
   b - Animate Skeleton               Necromancy                   1
   c - Summon Small Mammal            Summoning                    1
   d - Apportation                    Translocation                1
Comestibles
 c - 5 bread rations
 B - 3 meat rations
 D - a slice of pizza


   Skills:
 - Level 4.0 Fighting
 - Level 6.0 Polearms
 - Level 6.3 Dodging
 - Level 2.4 Stealth
 - Level 5.4 Spellcasting
 - Level 3.8 Conjurations
 - Level 4.1 Summonings
 - Level 8.0 Ice Magic
 + Level 4.1 Evocations


You had 3 spell levels left.
You knew the following spells:

 Your Spells              Type           Power        Failure   Level  Hunger
a - Freeze                Ice            ####         1%          1    None
b - Throw Frost           Conj/Ice       #####.       1%          2    None
c - Ozocubu's Armour      Chrm/Ice       ####....     4%          3    #......
d - Throw Icicle          Conj/Ice       #####...     6%          4    ###....
e - Summon Ice Beast      Ice/Summ       #####...     6%          4    ###....
f - Confusing Touch       Hex            #.....       7%          1    None
g - Apportation           Tloc           #.........   7%          1    None


Dungeon Overview and Level Annotations

Branches:
Dungeon (9/15)             Temple (1/1) D:5
   Lair: D:8-11         Orc: D:9-12

Altars:
Ashenzari
Cheibriados
Dithmenos
Elyvilon
Fedhas
Gozag
Hepliaklqana
Makhleb
Nemelex Xobeh
Okawaru
Qazlal
Ru
Sif Muna
Trog
Uskayaw
Vehumet
Xom
Yredelemnul
Zin
The Shining One
Lugonu

Shops:
D:5 *=


Innate Abilities, Weirdness & Mutations

Your life essence is reduced. (-10% HP)
You are partially covered in iridescent scales. (AC +2)


Message History

* * * LOW HITPOINT WARNING * * *
Something draws strength from your injuries!
Select a target.
Press: ? - help, Dir - move target cursor The floor.
You can't see anything there.
Try transferring anyway?
You fail to use your ability.
Numeria barely misses something.
Something hits you.
* * * LOW HITPOINT WARNING * * *
Something bites you but does no damage.
You feel better.
Numeria hits something with a flail.
Something hits you but does no damage. Something bites you!
* * * LOW HITPOINT WARNING * * *
Something draws strength from your injuries!
Numeria hits something with a flail!
There is an open door here.
You see here an arrow.
There is a stone staircase leading up here.
Something hits you!
You die...

######### #.# ###
#.......#######.# #..
#.#####.#.....#[# #.#
#.#####.#.###.#.# #.#
#######.#...#....##.#.# #..
#...........###..##.#.######..
##.......(..R..>)..[...........
#...........##....##.#........#
#..........###@...##.##########
#..........####...#..........##
######....(R(........#######.##
#.....####.###.########+##
#.....##.................#
#.....##.#.###...........#
#.....##.#.###............
#.....##.#...'............
###.####.#.###............


There were no monsters in sight!

Vanquished Creatures
  The ghost of Sagrath01 the Transmogrifier, a novice NaTm of Cheibriados (D:8)
  A water moccasin (D:7)
  Duvessa (D:4)
  An orc warrior (D:6)
  A sky beast (D:7)
  An ice beast (D:7)
  The ghost of PeterLawrence the Shield-Bearer, an amateur MiFi (D:3)
  3 ogres
  2 centaurs (D:8)
  A crocodile (D:8)
  A bullfrog (D:6)
  A gnoll sergeant (D:6)
  A scorpion (D:6)
  Dowan (D:4)
  A killer bee (D:8)
  A howler monkey (D:5)
  4 crimson imps
  An orc priest (D:5)
  A bullfrog zombie (D:5)
  A hound (D:5)
  A bullfrog skeleton (D:5)
  An iguana (D:5)
  Natasha (thrice) (D:3)
  Terence (D:2)
  3 orc wizards
  5 worker ants
  Robin (D:2)
  6 gnolls
  9 adders
  An ooze (D:2)
  3 worms
  5 dart slugs
  5 leopard geckos
  12 orcs
  7 giant cockroaches
  17 goblins
  10 hobgoblins
  2 quokkas
  2 ball pythons
  8 bats
  5 frilled lizards
  A goblin skeleton (D:6)
  A goblin zombie (D:6)
  22 kobolds
  A kobold skeleton (D:6)
  An orc skeleton (D:6)
  2 quokka skeletons
  9 rats
170 creatures vanquished.

Vanquished Creatures (collateral kills)
  A wyvern (D:8)
  A hungry ghost (D:4)
  2 orc warriors
  3 phantoms
  3 ogres
  A centaur (D:8)
  2 big kobolds
  2 bullfrogs
  3 scorpions
  2 killer bees (D:8)
  A crimson imp (D:5)
  A jelly (D:6)
  3 orc priests
  4 orc wizards
  A bullfrog skeleton (D:4)
  An iguana (D:7)
  A worker ant (D:7)
  7 gnolls
  2 shadow imps (D:6)
  An adder zombie (D:6)
  A leopard gecko (D:7)
  12 orcs
  A giant cockroach (D:4)
  9 kobolds
  A quokka (D:8)
  A goblin zombie (D:6)
  3 hobgoblin zombies (D:6)
  A kobold zombie (D:6)
  A leopard gecko skeleton (D:6)
72 creatures vanquished.

Vanquished Creatures (others)
  3 ancestors
  A plant (D:5)
4 creatures vanquished.

Grand Total: 246 creatures vanquished

Notes
Turn   | Place    | Note
-------+----------+-------------------------------------------
     0 | D:1      | mike2R the Deep Elf Ice Elementalist began the quest for the Orb.
     0 | D:1      | Reached XP level 1. HP: 10/10 MP: 6/6
   288 | D:1      | Reached XP level 2. HP: 12/15 MP: 5/8
   293 | D:1      | Learned a level 2 spell: Throw Frost
   834 | D:1      | Reached skill level 4 in Ice Magic
  1107 | D:1      | Reached XP level 3. HP: 19/19 MP: 7/10
  1112 | D:1      | Learned a level 3 spell: Ozocubu's Armour
  1403 | D:2      | Noticed Robin
  1962 | D:1      | Reached XP level 4. HP: 24/24 MP: 1/12
  2140 | D:2      | Killed Robin
  2381 | D:2      | Learned a level 4 spell: Throw Icicle
  2381 | D:2      | Found a basalt altar of Yredelemnul.
  2655 | D:2      | Found a hazy altar of Hepliaklqana.
  2656 | D:2      | Found a shimmering altar of Xom.
  2656 | D:2      | Noticed an insubstantial wisp
  2657 | D:2      | Noticed a spectral ugly thing
  2657 | D:2      | Noticed an insubstantial wisp
  2660 | D:2      | Became a worshipper of Hepliaklqana the Forgotten
  2686 | D:2      | Reached skill level 5 in Spellcasting
  2686 | D:2      | Reached skill level 5 in Ice Magic
  2733 | D:2      | Noticed Terence
  2746 | D:2      | Killed Terence
  2746 | D:2      | Reached XP level 5. HP: 25/25 MP: 3/14
  3189 | D:3      | Learned a level 4 spell: Summon Ice Beast
  3700 | D:3      | Reached skill level 6 in Ice Magic
  3810 | D:3      | Noticed Natasha
  3818 | D:3      | Killed Natasha
  3857 | D:3      | Noticed Natasha
  3857 | D:3      | Killed Natasha
  3857 | D:3      | Reached XP level 6. HP: 24/28 MP: 11/16
  3932 | D:3      | Noticed Natasha
  3941 | D:3      | Found a sparkling altar of Nemelex Xobeh.
  3944 | D:3      | Killed Natasha
  4030 | D:3      | Noticed PeterLawrence's ghost (amateur MiFi)
  4044 | D:3      | Killed PeterLawrence's ghost
  4265 | D:4      | Reached skill level 1 in Fighting
  4359 | D:4      | Noticed a hungry ghost
  4395 | D:4      | Killed a hungry ghost
  4395 | D:4      | Reached XP level 7. HP: 35/35 MP: 6/17
  4498 | D:4      | Found a sacrificial altar of Ru.
  4568 | D:4      | Reached * piety under Hepliaklqana
  4653 | D:4      | Noticed Dowan
  4654 | D:4      | Noticed Duvessa
  4658 | D:4      | Killed Dowan
  4668 | D:4      | Killed Duvessa
  4668 | D:4      | Reached skill level 5 in Dodging
  4958 | D:4      | Found a burning altar of Makhleb.
  5155 | D:5      | Entered Level 5 of the Dungeon
  5179 | D:5      | Found a bloodstained altar of Trog.
  5331 | D:5      | Reached XP level 8. HP: 41/41 MP: 13/18
  5346 | D:5      | Reached skill level 7 in Ice Magic
  5501 | D:5      | Found a radiant altar of Vehumet.
  5502 | D:5      | Found a hide-covered altar of Uskayaw.
  5931 | D:5      | Reached skill level 8 in Ice Magic
  6080 | D:5      | Found a staircase to the Ecumenical Temple.
  6095 | Temple   | Entered the Ecumenical Temple
  6178 | D:5      | Found Lygi Roost's Jewellery Shop.
  6299 | D:5      | Reached skill level 1 in Summonings
  6377 | D:5      | Found Zin's Purification Station.
  6380 | D:5      | Found a glowing silver altar of Zin.
  6874 | D:6      | HP: 1/41 [orc warrior/antimagic battleaxe (26)]
  6988 | D:6      | Found a glowing golden altar of the Shining One.
  7026 | D:6      | Reached ** piety under Hepliaklqana
  7028 | D:6      | Remembered your ancestor Numeria as a knight
  7059 | D:6      | Found an iron altar of Okawaru.
  7224 | D:6      | Found a shadowy altar of Dithmenos.
  7694 | D:6      | Reached XP level 9. HP: 46/46 MP: 14/19
  7710 | D:6      | Gained mutation: You are partially covered in iridescent scales. (AC +2) [potion of beneficial mutation]
  7768 | D:6      | Reached skill level 1 in Polearms
  8112 | D:7      | Learned a level 1 spell: Confusing Touch
  8479 | D:7      | Learned a level 1 spell: Apportation
  9185 | D:8      | Reached skill level 5 in Polearms
  9233 | D:8      | Found a white marble altar of Elyvilon.
  9508 | D:8      | Noticed Sagrath01's ghost (novice NaTm)
  9524 | D:8      | Killed Sagrath01's ghost
  9524 | D:8      | Reached XP level 10. HP: 50/50 MP: 7/20
  9710 | D:8      | Reached *** piety under Hepliaklqana
  9896 | D:8      | HP: 1/50 [something (5)]
  9905 | D:8      | Slain by a vampire

Skill      XL: |  1  2  3  4  5  6  7  8  9 10 |
---------------+-------------------------------+-----
Ice Magic      | 4 5 6 8 |  8.0
Spellcasting   | 4 5 |  5.4
Conjurations   | 2 3 |  3.8
Fighting       | 1 3 4 |  4.0
Dodging        | 4 5 6 |  6.3
Summonings     | 4 |  4.1
Polearms       | 6 |  6.0
Evocations     | 2 4 |  4.1
Stealth        | |  2.4

Action                   |  1- 3 |  4- 6 |  7- 9 | 10-12 || total
-------------------------+-------+-------+-------+-------++-------
Melee: Whip              |    14 |     1 |    47 |       ||    62
       Battleaxe         |       |       |    31 |       ||    31
       Spear             |       |       |   109 |    21 ||   130
 Cast: Freeze            |    56 |    83 |    80 |     1 ||   220
       Throw Frost       |    18 |    19 |    34 |       ||    71
       Ozocubu's Armour  |     4 |     7 |    18 |     2 ||    31
       Throw Icicle      |       |     7 |    17 |     4 ||    28
       Summon Ice Beast  |       |       |    18 |     2 ||    20
       Confusing Touch   |       |       |     5 |       ||     5
Invok: Ancestor Identity |       |     1 |     1 |       ||     2
       Recall Ancestor   |       |       |     3 |     2 ||     5
       Ancestor Life: Kn |       |       |     1 |       ||     1
  Use: Scroll            |       |       |    16 |       ||    16
       Potion            |       |       |     1 |     3 ||     4
 Stab: Sleeping          |       |       |     5 |       ||     5
  Eat: Chunk             |     4 |     8 |    18 |     2 ||    32
       Meat ration       |       |     1 |       |       ||     1
Armor: Robe              |    17 |    21 |     9 |       ||    47
       Troll leather arm |       |       |    34 |    15 ||    49
Dodge: Dodged            |    42 |    40 |   141 |    18 ||   241
